 Dungeon Crawl Stone Soup version 0.30.1-11-g7821555f0a (webtiles) character file.

Game seed: 5945420471016198692

3551 Peloso the Carver (level 9, -1/79 HPs)
             Began as a Minotaur Fighter on Dec 15, 2023.
             Was an Initiate of Okawaru.
             Slain by a +6 spectral quarterstaff (12 damage)
             ... created by Joseph
             ... on level 7 of the Dungeon.
             The game lasted 00:11:56 (6898 turns).

Peloso the Carver (Minotaur Fighter)                Turns: 6898, Time: 00:11:57

Health: -1/79      AC: 16    Str: 22    XL:     9   Next: 83%
Magic:  8/8        EV: 10    Int:  5    God:    Okawaru [......]
Gold:   382        SH:  6    Dex: 19    Spells: 8/8 levels left

rFire   . . .        a - +0 long sword
rCold   . . .        d - +0 buckler
rNeg    . . .        e - +1 chain mail
rPois   +            (helmet restricted)
rElec   .            n - +1 cloak
rCorr   .            c - +0 pair of gloves
SInv    .            (no boots)
Will    .....        (no amulet) Stlth
                     m - ring of poison resistance
HPRegen 0.33/turn    o - +6 ring of dexterity
MPRegen 0.11/turn

%: no passive effects
@: mighty
A: horns 2, retaliatory headbutt
a: Renounce Religion


You were on level 7 of the Dungeon.
You worshipped Okawaru.
Okawaru was noncommittal.
You visited 2 branches of the dungeon, and saw 8 of its levels.

You collected 382 gold pieces.

Inventory:

Hand Weapons
 a - a +0 long sword (weapon)
Armour
 b - a +0 scale mail
 c - a +0 pair of gloves (worn)
 d - a +0 buckler (worn)
 e - a +1 chain mail (worn)
 n - a +1 cloak (worn)
Jewellery
 l - a ring of ice
 m - a ring of poison resistance (left hand)
 o - a +6 ring of dexterity (right hand)
 x - a ring of flight
Wands
 s - a wand of charming (8)
Scrolls
 g - 5 scrolls of identify
 p - a scroll of immolation
 q - a scroll of enchant armour
 r - 2 scrolls of fear
 t - 2 scrolls of blinking
 v - a scroll of teleportation {unknown}
Potions
 f - 2 potions of haste
 h - 2 potions of brilliance
 i - 2 potions of invisibility
 j - 2 potions of might
 k - 2 potions of curing
 u - a potion of magic
 w - a potion of lignification {unknown}
 z - a potion of mutation {unknown}


   Skills:
 + Level 7.5 Fighting
 + Level 10.6 Long Blades
 + Level 9.6 Armour
 + Level 3.7 Dodging
 + Level 0.5 Stealth
 + Level 7.0 Shields


You had 8 spell levels left.
You didn't know any spells.
Your spell library contained the following spells:

 Spells                   Type           Power      Damage    Failure   Level
 Slow                     Hex            0%         N/A       97%         1
 Confusing Touch          Hex            0%         N/A       100%        3
 Inner Flame              Hex/Fire       0%         N/A       100%        3
 Vampiric Draining        Necr           0%         2d6       100%        3
 Flame Wave               Conj/Fire      0%         2d4       100%        4
 Sticky Flame             Conj/Fire      0%         2d3       100%        4


Dungeon Overview and Level Annotations

Branches:
Dungeon (7/15)             Temple (1/1) D:4

Altars:
Dithmenos
Gozag
Hepliaklqana
Makhleb
Okawaru
Qazlal
Ru
Sif Muna
Wu Jian
Xom
The Shining One

Shops:
D:3 =   D:7 (

Annotations:
D:6 1 runed translucent door, koorschki's ghost, novice DsNe
D:7 Joseph


Innate Abilities, Weirdness & Mutations

You have a pair of horns on your head.
You reflexively headbutt those who attack you in melee.


Message History

You now have 382 gold pieces (gained 15).
Joseph, a Mercenary comes into view.
He is wielding a +6 spectral quarterstaff.
Joseph shouts!
Joseph unwields a +6 spectral quarterstaff.
Joseph wields a +0 sling.
Joseph shoots a sling bullet.
The sling bullet barely misses you.
Joseph is nearby!
Joseph is nearby!
Joseph shoots a sling bullet.
The sling bullet hits you!
Okay, then.
Found a potion of brilliance.
Joseph shouts, "I love to fight!
I love killing!"
Joseph unwields a +0 sling.
Joseph wields a +6 spectral quarterstaff.
Joseph hits you with a +6 spectral quarterstaff!
The +6 spectral quarterstaff hits you.
A +6 spectral quarterstaff comes into view.
You feel very mighty all of a sudden.
The +6 spectral quarterstaff closely misses you.
You block Joseph's attack.
The +6 spectral quarterstaff hits you. x2
You closely miss Joseph. You headbutt Joseph.
Joseph is lightly wounded.
Joseph hits you with a +6 spectral quarterstaff!
The +6 spectral quarterstaff hits you!
You slash Joseph! You headbutt Joseph!
Joseph is heavily wounded.
Joseph says, "You must be punished!
Or...
I want to punish you!"
Joseph hits you with a +6 spectral quarterstaff!
* * * LOW HITPOINT WARNING * * *
The +6 spectral quarterstaff hits you but does no damage.
You closely miss Joseph.
Joseph is heavily wounded.
Joseph closely misses you. You furiously retaliate!
You headbutt Joseph!
The +6 spectral quarterstaff completely misses you.
You closely miss Joseph. You headbutt Joseph!
Joseph is severely wounded.
Joseph hits you with a +6 spectral quarterstaff.
* * * LOW HITPOINT WARNING * * *
The +6 spectral quarterstaff hits you!
You die...

#.## #.#
#..# .# #.#
##.# .# #.#
.# #.# .#
#.# !# #.#
.# #.#
###@# #.#
#.@(# #.#
#.### #.#
#.# #.# #.#
#########.#
#.#
#.........#
#.#
#.#########
#.# #.# #.#
#.# #.#


You could see Joseph and a +6 spectral quarterstaff.

Vanquished Creatures
  A gargoyle (D:7)
  Prince Ribbit (D:7)
  Eustachio (D:6)
  Menkaure (D:6)
  2 water moccasins (D:7)
  A sky beast (D:7)
  2 black bears (D:6)
  2 ice beasts
  2 centaurs
  2 phantoms
  2 bullfrogs
  2 scorpions
  6 wights
  3 killer bees (D:7)
  3 howler monkeys (D:7)
  5 hounds
  3 orc priests
  2 gnoll boudas
  3 jellies
  A sleepcap (D:5)
  4 iguanas
  5 orc wizards
  14 gnolls
  14 adders
  A shadow imp (D:6)
  2 white imps
  3 dart slugs
  2 worms
  18 orcs
  6 ball pythons
  6 endoplasms
  6 giant cockroaches
  7 goblins
  5 hobgoblins
  7 jackals (D:4)
  4 quokkas
  6 bats
  4 frilled lizards
  7 kobolds
  8 rats
174 creatures vanquished.

Notes
Turn   | Place    | Note
-------+----------+-------------------------------------------
     0 | D:1      | Peloso the Minotaur Fighter began the quest for the Orb.
     0 | D:1      | Reached XP level 1. HP: 19/19 MP: 0/0
   107 | D:1      | Reached XP level 2. HP: 18/27 MP: 1/1
   713 | D:2      | Reached XP level 3. HP: 32/33 MP: 2/2
   779 | D:2      | Reached skill level 3 in Long Blades
   990 | D:2      | Reached XP level 4. HP: 40/40 MP: 3/3
  1376 | D:3      | Found a sacrificial altar of Ru.
  1710 | D:3      | Found Nuvu's Jewellery Emporium.
  1753 | D:3      | Noticed a bullfrog
  1763 | D:3      | Killed a bullfrog
  1764 | D:3      | Reached skill level 4 in Long Blades
  1764 | D:3      | Reached skill level 1 in Dodging
  1764 | D:3      | Reached XP level 5. HP: 35/46 MP: 4/4
  1838 | D:3      | Found a shadowy altar of Dithmenos.
  2382 | D:4      | Reached skill level 5 in Armour
  2417 | D:4      | Reached XP level 6. HP: 28/55 MP: 5/5
  2482 | D:4      | Reached skill level 5 in Long Blades
  2484 | D:4      | HP: 2/55 [orc/+0 trident (4)]
  2497 | D:4      | Reached skill level 5 in Fighting
  2631 | D:4      | Found a staircase to the Ecumenical Temple.
  2680 | D:4      | Reached skill level 5 in Shields
  3091 | D:4      | Reached XP level 7. HP: 58/61 MP: 6/6
  3490 | D:4      | HP: 3/61 [ice beast (14)]
  3822 | D:5      | Entered Level 5 of the Dungeon
  3830 | D:4      | Reached skill level 6 in Long Blades
  3846 | D:5      | Found a hazy altar of Hepliaklqana.
  4085 | D:5      | Reached XP level 8. HP: 69/70 MP: 7/7
  4891 | D:6      | Noticed Eustachio
  4925 | D:6      | Killed Eustachio
  4926 | D:6      | Reached skill level 7 in Long Blades
  5179 | D:6      | Reached skill level 8 in Long Blades
  5460 | D:6      | Noticed Menkaure
  5466 | D:6      | Killed Menkaure
  5644 | D:6      | Reached XP level 9. HP: 78/78 MP: 8/8
  5647 | D:6      | Found a runed translucent door.
  5673 | D:6      | Noticed koorschki's ghost (novice DsNe)
  5962 | D:7      | Noticed Prince Ribbit
  5977 | D:7      | Killed Prince Ribbit
  5978 | D:7      | Reached skill level 9 in Long Blades
  6262 | D:7      | Found a stormy altar of Qazlal.
  6307 | D:7      | Reached skill level 10 in Long Blades
  6328 | D:7      | Noticed a gargoyle
  6351 | D:7      | Killed a gargoyle
  6537 | Temple   | Entered the Ecumenical Temple
  6591 | Temple   | Became a worshipper of Warmaster Okawaru
  6859 | D:7      | Found Jihism's Antique Weapon Shop.
  6891 | D:7      | Noticed Joseph
  6898 | D:7      | Slain by a +6 spectral quarterstaff

Illustrated notes

Levels and vault maps discovered:
D:1:      amcnicky_arrival_gap_in_the_tavern_cellar, layout_basic, minivault_23
D:2:      layout_loops_ring, nicolae_underground_beach
D:3:      layout_basic, nicolae_ru_awakened_eye, nicolae_overflow_hidden_temple,
          serial_shops, nicolae_shop_tiny_statue_garden, guppyfry_early_orc_mine
D:4:      layout_basic, minmay_temple_entry_mini_moons, gup_sewer_entry_spiral
D:5:      layout_layer_cave, mainiacjoe_overflow_boulevard
D:6:      layout_basic, ebering_ghost_sewer_d, uniq_eustachio, uniq_menkaure
D:7:      layout_loops_ring, serial_shops, nicolae_shop_stone,
          minmay_ruined_shrine, uniq_joseph, uniq_pikel, uniq_prince_ribbit1
Temple:   bh_familiar_temple

Skill      XL: |  1  2  3  4  5  6  7  8  9 |
---------------+----------------------------+-----
Shields        | 4 5 6 7 |  7.0
Armour         | 4 5 7 8 9 |  9.6
Fighting       | 4 5 6 7 |  7.5
Long Blades    | 3 4 5 6 8 10 | 10.6
Dodging        | 1 2 3 |  3.7
Stealth        | |  0.5

Action                     |  1- 3 |  4- 6 |  7- 9 || total
---------------------------+-------+-------+-------++-------
  Melee: Long sword        |    78 |   201 |   291 ||   570
         Headbutt          |    12 |    27 |    67 ||   106
    Use: Potion            |     5 |     3 |     2 ||    10
         Scroll            |       |     6 |     3 ||     9
 Armour: Scale mail        |    38 |    18 |       ||    56
         Chain mail        |       |   149 |   147 ||   296
  Dodge: Dodged            |    40 |    86 |   143 ||   269
  Block: Buckler           |    23 |    65 |    81 ||   169
